 Dungeon Crawl Stone Soup version 0.23-a0-180-ga5275e7 (webtiles) character file.

2450 Inarius the Skirmisher (level 9, -4/73 HPs)
             Began as a Mummy Fighter on Sept 18, 2018.
             Killed by divine providence
             ... invoked by an orc priest
              (10 damage)
             ... on level 6 of the Dungeon.
             The game lasted 00:17:00 (8752 turns).

Inarius the Skirmisher (Mummy Fighter)              Turns: 8752, Time: 00:17:01

Health: -4/73      AC: 14    Str: 22    XL:     9   Next: 25%
Magic:  9/9        EV:  6    Int: 11    God:
Gold:   324        SH: 14    Dex: 15    Spells: 8/8 levels left

rFire    x . .     SeeInvis .   l - +3 scimitar
rCold    + + .     Gourm    .   c - +0 shield
rNeg     + + +     Faith    .   q - +2 chain mail {rC+}
rPois    ∞         Spirit   .   k - +1 helmet
rElec    .         Reflect  +   (no cloak)
rCorr    .         Harm     .   (no gloves)
MR       +....                  (no boots)
Stlth    ..........             p - +3 amulet of reflection
HPRegen  0.22/turn              m - +4 ring of intelligence
MPRegen  0.11/turn              o - +3 ring of dexterity

@: no status effects
A: no food or potions, fire vulnerability, cold resistance 1, negative energy
resistance 3, torment resistance, unbreathing
a: no special abilities


You were on level 6 of the Dungeon.
You were not hungry.

You visited 2 branches of the dungeon, and saw 7 of its levels.
You also visited: Ossuary.

You collected 324 gold pieces.

Inventory:

Hand Weapons
 h - a +1 flail of draining
 l - a +3 scimitar (weapon)
Missiles
 e - 16 tomahawks (quivered)
Armour
 c - a +0 shield (worn)
 k - a +1 helmet (worn)
 q - a +2 chain mail of cold resistance (worn)
Jewellery
 m - a +4 ring of intelligence (left hand)
 o - a +3 ring of dexterity (right hand)
 p - a +3 amulet of reflection (around neck)
Wands
 b - a wand of random effects (32)
 i - a wand of polymorph (24)
Scrolls
 d - a scroll of amnesia
 f - 3 scrolls of remove curse
 g - 2 scrolls of immolation
 j - 2 scrolls of identify
 n - a scroll of enchant armour


   Skills:
 * Level 7.6 Fighting
 + Level 3.4 Long Blades
   Level 1.5(1.6) Axes
 - Level 0.2(1.0) Maces & Flails
 + Level 1.2 Throwing
 + Level 5.5 Armour
 + Level 0.1 Dodging
 + Level 6.2 Shields


You had 8 spell levels left.
You didn't know any spells.
Your spell library was empty.

Dungeon Overview and Level Annotations

Branches:
Dungeon (6/15)             Temple (1/1) D:6

Altars:
Ashenzari
Cheibriados
Dithmenos
Elyvilon
Hepliaklqana
Kikubaaqudgha
Makhleb
Nemelex Xobeh
Okawaru
Qazlal
Ru
Trog
Uskayaw
Vehumet
Wu Jian
Xom
Yredelemnul
The Shining One

Annotations:
D:5 2 transporters, Oozefury's ghost, amateur DEFE


Innate Abilities, Weirdness & Mutations

You do not eat or drink.
Your flesh is vulnerable to fire.
You are immune to poison.
Your flesh is cold resistant. (rC+)
You are immune to negative energy. (rN+++)
You are immune to unholy pain and torment.
You can survive without breathing.


Message History

You are too injured to fight recklessly!
The orc priest calls upon Beogh to heal the orc warrior.
The orc warrior is healed somewhat.
Your shield and chain mail prevent you from hitting the orc warrior.
The orc warrior is severely wounded.
The orc priest mumbles some strange prayers to Beogh against you.
Beogh smites you!
* * * LOW HITPOINT WARNING * * *
Okay, then.
Unknown command.
The orc warrior hits you with a war axe!
* * * LOW HITPOINT WARNING * * *
The orc priest calls upon Beogh to heal the orc warrior.
The orc warrior is healed somewhat.
You open the door.
The orc priest calls upon Beogh to heal the orc warrior.
The orc warrior is healed somewhat.
The orc priest mumbles some strange prayers to Beogh against you.
Beogh smites you!
You die...

...#...#.........#'###..........#
...'...#.........#...##'###.....#
...#...#.........#....#...'...).#
...#...'.........#....#...#.....#
...#...#....(.)((#######..#...<.#
...#...#.......#####.###..#######
...#...#.......#..o.o......#
...#...#.......#..oo.o.....#
...###.#.......#@###..####'#
+#####.###'##.....###+# ..o.
....#....#..#.....+ ....>..
....+....#..'.....# #.........
##'###..##.##.....# #.........
....###### ....### .####.....
.....# #.... .. ..... .....#
#.... .....#


You could see an orc warrior, 2 orc priests and 2 orcs.

Vanquished Creatures
  Sigmund (D:6)
  Menkaure (Ossuary)
  Edmund (D:6)
  Duvessa (D:4)
  An ice beast (D:6)
  A sky beast (D:6)
  An ogre (D:5)
  A centaur (D:6)
  Blork the orc (D:4)
  2 bullfrogs (D:6)
  2 scorpions (D:6)
  Dowan (D:4)
  6 killer bees (D:4)
  2 howler monkeys
  A quasit (D:6)
  5 orc priests
  A jelly (D:5)
  4 orc wizards
  A centaur skeleton (D:5)
  An iguana (D:4)
  5 worker ants
  A hound skeleton (D:3)
  2 mummies (Ossuary)
  Robin (D:3)
  A worker ant zombie (D:6)
  11 gnolls
  11 adders
  A howler monkey skeleton (D:4)
  A shadow imp (D:5)
  4 oozes
  2 adder zombies (D:5)
  6 worms
  2 dart slugs (D:1)
  4 leopard geckos
  16 orcs
  7 bats
  4 giant cockroaches
  4 gnoll zombies (Ossuary)
  7 hobgoblins
  15 jackals
  5 kobolds
  4 quokkas
  3 ball pythons
  5 frilled lizards
  3 gnoll skeletons (Ossuary)
  9 goblins
  2 goblin skeletons (Ossuary)
  5 goblin zombies (Ossuary)
  2 hobgoblin skeletons (Ossuary)
  4 hobgoblin zombies (Ossuary)
  6 kobold skeletons (Ossuary)
  2 kobold zombies (Ossuary)
  3 orc skeletons (Ossuary)
  3 orc zombies (Ossuary)
  7 rats
  4 rat skeletons (Ossuary)
  5 rat zombies (Ossuary)
212 creatures vanquished.

Vanquished Creatures (others)
  A mummy (Ossuary)
  2 goblin skeletons (Ossuary)
  2 hobgoblin skeletons (Ossuary)
  A hobgoblin zombie (Ossuary)
  A kobold zombie (Ossuary)
  A rat skeleton (Ossuary)
8 creatures vanquished.

Grand Total: 220 creatures vanquished

Notes
Turn   | Place    | Note
-------+----------+-------------------------------------------
     0 | D:1      | Inarius the Mummy Fighter began the quest for the Orb.
     0 | D:1      | Reached XP level 1. HP: 18/18 MP: 1/1
   191 | D:1      | Reached XP level 2. HP: 24/24 MP: 2/2
   593 | D:1      | Reached XP level 3. HP: 25/29 MP: 3/3
  1303 | D:2      | Reached XP level 4. HP: 37/37 MP: 4/4
  1394 | D:2      | Reached skill level 4 in Fighting
  2710 | D:2      | Reached XP level 5. HP: 32/43 MP: 5/5
  3188 | D:3      | Found a snail-covered altar of Cheibriados.
  3213 | D:3      | Found a hide-covered altar of Uskayaw.
  3340 | D:3      | Noticed Robin
  3362 | D:3      | Killed Robin
  3929 | D:3      | Reached XP level 6. HP: 40/50 MP: 6/6
  4202 | D:3      | Reached skill level 5 in Fighting
  4584 | D:4      | Found a sand-covered staircase.
  4589 | Ossuary  | Entered an ossuary
  4986 | Ossuary  | Noticed Menkaure
  4994 | Ossuary  | Killed Menkaure
  4994 | Ossuary  | Reached XP level 7. HP: 37/56 MP: 7/7
  5172 | D:4      | Noticed Eustachio
  5173 | D:4      | Noticed Eustachio
  5173 | D:4      | Eustachio changed into Eustachio the worker ant
  5182 | D:4      | Killed Eustachio the worker ant
  5412 | D:4      | Reached skill level 6 in Fighting
  5910 | D:4      | Noticed Dowan
  5912 | D:4      | Noticed Duvessa
  5918 | D:4      | Killed Dowan
  5942 | D:4      | Killed Duvessa
  5942 | D:4      | Reached skill level 5 in Shields
  5942 | D:4      | Reached XP level 8. HP: 16/65 MP: 8/8
  6247 | D:4      | Found a shadowy altar of Dithmenos.
  6351 | D:4      | Noticed Blork the orc
  6361 | D:4      | Killed Blork the orc
  6361 | D:4      | Reached skill level 5 in Armour
  6629 | D:5      | Entered Level 5 of the Dungeon
  6952 | D:5      | Found a transporter.
  6954 | D:5      | Noticed Oozefury's ghost (amateur DEFE)
  6956 | D:5      | Found a transporter.
  7044 | D:5      | Found a glowing golden altar of the Shining One.
  7180 | D:5      | Reached skill level 7 in Fighting
  7187 | D:5      | Reached skill level 1 in Long Blades
  7573 | D:6      | Noticed Sigmund
  7576 | D:6      | Noticed a hornet
  7763 | D:6      | Noticed a troll
  7801 | D:6      | Reached skill level 1 in Throwing
  8381 | D:6      | Reached XP level 9. HP: 72/72 MP: 9/9
  8470 | D:6      | Noticed Edmund
  8471 | D:6      | Killed Sigmund
  8480 | D:6      | Killed Edmund
  8509 | D:6      | Found a staircase to the Ecumenical Temple.
  8520 | Temple   | Entered the Ecumenical Temple
  8752 | D:6      | Killed from afar by an orc priest

Vault maps used:
D:1:      matt_arrival_los_fun
D:2:      first_ration, grunt_decor_fettered
D:3:      nicolae_overflow_crystal_walls, lemuel_crystal_altar, uniq_robin
D:4:      enter_ossuary_2, grunt_dithmenos_smoke_and_mirrors,
          uniq_blork_the_orc, uniq_duvessa, uniq_eustachio
D:5:      basic_altar, gammafunk_ghost_smash
D:6:      minmay_misc_feat_encased, uniq_sigmund, uniq_edmund,
          uniq_prince_ribbit1
Temple:   nicolae_temple_elliptical
Ossuary:  ossuary_due_pyramid

Skill      XL: |  1  2  3  4  5  6  7  8  9 |
---------------+----------------------------+-----
Armour         | 3 4 5 |  5.5
Fighting       | 4 5 6 7 |  7.6
Shields        | 3 5 6 |  6.2
Long Blades    | 2 3 |  3.4
Throwing       | 1 |  1.2
Axes           | |  1.5
Maces & Flails | |  0.2
Dodging        | |  0.1

Action                   |  1- 3 |  4- 6 |  7- 9 || total
-------------------------+-------+-------+-------++-------
Melee: War axe           |   116 |   211 |       ||   327
       Flail             |       |   105 |   176 ||   281
       Scimitar          |       |       |   223 ||   223
Throw: Tomahawk          |       |     8 |    19 ||    27
Evoke: Wand              |       |       |     1 ||     1
  Use: Scroll            |       |     7 |    13 ||    20
Armor: Scale mail        |    60 |   139 |    18 ||   217
       Chain mail        |       |       |   103 ||   103
       Plate armour      |       |       |   152 ||   152
Dodge: Dodged            |    39 |    92 |   103 ||   234
Block: Shield            |    54 |   183 |   334 ||   571
       Reflection        |       |       |     5 ||     5
       Rpst.: Scimitar   |       |       |     9 ||     9

Table legend:
 A = Non-vault XP
 B = Vault XP
 C = Vault XP percentage of total XP
 D = Non-vault monster count
 E = Vault monster count
 F = Vault count percentage of total count
                 A         B        C        D         E       F
            +---------+---------+-------+---------+---------+-------
      Total |    2552 |     949 |  27.1 |     153 |      50 |  24.6
            +---------+---------+-------+---------+---------+-------
        D:1 |      62 |       0 |   0.0 |      24 |       0 |   0.0
        D:2 |     237 |       0 |   0.0 |      28 |       0 |   0.0
        D:3 |     242 |      27 |  10.0 |      30 |       7 |  18.9
        D:4 |     580 |     346 |  37.4 |      26 |       4 |  13.3
        D:5 |     500 |       0 |   0.0 |      19 |       0 |   0.0
        D:6 |     931 |     382 |  29.1 |      26 |       2 |   7.1
    Ossuary |       0 |     194 | 100.0 |       0 |      37 | 100.0
            +---------+---------+-------+---------+---------+-------
